 Dungeon Crawl Stone Soup version 0.28-a0-1429-gf3d713df7a (webtiles) character file.

Game seed: 2955377945296628381

2 Cheeritup the Caller (level 1, 0/10 HPs)
             Began as a Tengu Summoner on Jan 8, 2022.
             Slain by a jackal (2 damage)
             ... on level 1 of the Dungeon.
             The game lasted 00:00:42 (157 turns).

Cheeritup the Caller (Tengu Summoner)                Turns: 157, Time: 00:00:43

Health: 0/10       AC:  2    Str:  8    XL:     1   Next: 40%
Magic:  3/4        EV: 12    Int: 15    God:
Gold:   11         SH:  0    Dex: 14    Spells: 3/4 levels left

rFire   . . .      SeeInvis .   b - +0 club
rCold   . . .      Faith    .   (no shield)
rNeg    . . .      Spirit   .   a - +0 robe
rPois   .          Reflect  .   (helmet restricted)
rElec   .          Harm     .   (no cloak)
rCorr   .          Rampage  .   (no gloves)
Will    .....                   (boots unavailable)
Stlth   ++........              (no amulet)
HPRegen 0.03/turn               (no ring)
MPRegen 0.09/turn               (no ring)

@: no status effects
A: beak, talons 3
a: no special abilities


You were on level 1 of the Dungeon.
You visited 1 branch of the dungeon, and saw 1 of its levels.

You collected 11 gold pieces.

Inventory:

Hand Weapons
 b - a +0 club (weapon)
Armour
 a - a +0 robe (worn)


   Skills:
 - Level 2.1 Dodging
 - Level 2.0 Stealth
 - Level 2.0 Spellcasting
 + Level 5.0 Summonings


You had 3 spell levels left.
You knew the following spells:

 Your Spells              Type           Power      Damage    Failure   Level
a - Summon Small Mammal   Summ           64%        N/A       2%          1

Your spell library contained the following spells:

 Spells                   Type           Power      Damage    Failure   Level
 Call Imp                 Summ           16%        N/A       4%          2
 Call Canine Familiar     Summ           16%        N/A       9%          3
 Animate Skeleton         Necr           2%         N/A       22%         1
 Apportation              Tloc           2%         N/A       22%         1
 Summon Guardian Golem    Hex/Summ       9%         N/A       24%         3
 Summon Lightning Spire   Summ/Air       9%         N/A       61%         4


Dungeon Overview and Level Annotations

Branches:
Dungeon (1/15)

Altars:


Innate Abilities, Weirdness & Mutations

You have a beak for a mouth.
You have claws for feet.


Message History

A jackal and a kobold come into view.
b - a +0 club (weapon)
The kobold shouts!
The jackal barks!
A jackal comes into view. x2
Your bat hits the jackal but does no damage.
Your bat hits the jackal but does no damage.
The kobold throws a stone.
The stone barely misses you.
Your bat barely misses the jackal.
Your bat barely misses the kobold.
The kobold throws a stone.
The stone closely misses your bat. The stone completely misses you.
Your bat closely misses the kobold.
Your bat hits the kobold but does no damage.
Your bat hits the jackal.
The kobold throws a stone.
The stone hits your bat.
Your bat barely misses the jackal.
Your bat misses the jackal.
Your bat closely misses the kobold.
Your bat misses the jackal.
Your bat barely misses the jackal.
The kobold misses your bat.
Your bat hits the jackal but does no damage.
Your bat barely misses the jackal.
Your bat hits the jackal but does no damage.
The jackal bites you.
You hit the jackal but do no damage.
Your bat hits the jackal but does no damage.
Your bat misses the jackal. The jackal bites you.
You hit the jackal but do no damage. You claw the jackal, but do no damage.
Your bat barely misses the jackal.
Your bat closely misses the jackal.
Your bat barely misses the jackal.
The jackal barely misses you.
Your bat hits the jackal but does no damage.
You closely miss the jackal. Your kick misses the jackal.
Your bat hits the jackal but does no damage. x2
Your bat barely misses the jackal.
Your bat closely misses the jackal.
The jackal bites you.
* * * LOW HITPOINT WARNING * * *
The jackal bites you.
You die...

##.# # #..# ..#.## #.## .
....# ##.# ...h#..####
#..# #.......##### #.##
#..##.#......###########.#
##b.....bh#...........#
........Kbhh@....########
.....###.#####....# .##..
...# #....# #.####.#
###### .. #.# #. #.# #..


You could see 3 jackals, a kobold and 2 friendly bats.

Vanquished Creatures (collateral kills)
  An endoplasm (D:1)
  A goblin (D:1)
2 creatures vanquished.

Notes
Turn   | Place    | Note
-------+----------+-------------------------------------------
     0 | D:1      | Cheeritup the Tengu Summoner began the quest for the Orb.
     0 | D:1      | Reached XP level 1. HP: 10/10 MP: 4/4
    38 | D:1      | Reached skill level 5 in Summonings
   157 | D:1      | Slain by a jackal

Illustrated notes

Levels and vault maps discovered:
D:1:      wheals_arrival_shading, layout_rooms, minmay_tromino_i4

Skill      XL: |  1 |
---------------+----+-----
Summonings     | 5 |  5.0
Dodging        | |  2.1
Stealth        | |  2.0
Spellcasting   | |  2.0

Action                   || total
-------------------------++-------
Melee: Club              ||     3
       Unarmed           ||     2
       Kick              ||     2
 Cast: Summon Small Mamm ||     4
Dodge: Dodged            ||     3

Table legend: (Time is in decaauts)
 A = Elapsed time spent in this place.
 B = Non-inter-level travel time spent in this place.
 C = Inter-level travel time spent in this place.
 D = Time resting spent in this place.
 E = Time spent auto-exploring this place.
 F = Levels seen in this place.
 G = Mean time per level.
                   A        B        C        D        E       F      G
               +--------+--------+--------+--------+--------+-----+--------+
         Total |    157 |    157 |      0 |      0 |    129 |   1 |  157.0 |
       Dungeon |    157 |    157 |      0 |      0 |    129 |   1 |  157.0 |
               +--------+--------+--------+--------+--------+-----+--------+

Top non-repeatable levels by time:
     D:1: 157 daAuts
